 Dungeon Crawl Stone Soup version 0.29.1-15-g9cfb28693d (webtiles) character file.

Game seed: 18257589591475432681

48 Hugehornet the Changer (level 3, 0/23 HPs)
             Began as an Octopode Transmuter on Mar 30, 2023.
             Succumbed to a kobold brigand's poison
             ... in a sewer.
             The game lasted 00:03:10 (1987 turns).

Hugehornet the Changer (Octopode Transmuter)        Turns: 1987, Time: 00:03:10

Health: 0/23       AC:  1    Str:  7 (9)  XL:     3   Next: 72%
Magic:  5/6        EV: 13    Int: 14 (17) God:
Gold:   85         SH:  0    Dex: 10 (12) Spells: 5/6 levels left

rFire   . . .      SeeInvis .     - Unarmed
rCold   . . .      Faith    .   (no shield)
rNeg    . . .      Spirit   .   (helmet currently unavailable)
rPois   .          Reflect  .   (no amulet)
rElec   .          Harm     .   (no ring)
rCorr   .          Rampage  .   (no ring)
Will    .....                   (no ring)
Stlth   +++.......              (no ring)
HPRegen 0.07/turn               (no ring)
MPRegen 0.10/turn               (no ring)
                                (no ring)
                                (no ring)

@: lethally poisoned (0 -> -8), appendages, attractive
A: tentacle spike 3, almost no armour, amphibious, 8 rings, camouflage 1,
gelatinous body 1, nimble swimmer 1, tentacles
a: End Transformation


You were in a sewer.
One of your tentacles had grown a beastly spike.
You visited 1 branch of the dungeon, and saw 3 of its levels.
You also visited: Sewer.

You collected 85 gold pieces.

Inventory:

Scrolls
 b - 2 scrolls of enchant armour {unknown}
 c - a scroll of amnesia {unknown}
 e - a scroll of identify {unknown}
 g - a scroll of vulnerability {unknown}
 h - a scroll of poison {unknown}
Potions
 a - 3 potions of lignification
 f - a potion of degeneration
 j - a potion of heal wounds {unknown}


   Skills:
 - Level 1.0 Fighting
 - Level 2.0 Dodging
 - Level 3.0 Unarmed Combat
 - Level 2.0 Spellcasting
 + Level 4.0 Transmutations


You had 5 spell levels left.
You knew the following spells:

 Your Spells              Type           Power      Damage    Failure   Level
a - Beastly Appendage     Tmut           24%        N/A       4%          1

Your spell library contained the following spells:

 Spells                   Type           Power      Damage    Failure   Level
 Wereblood                Tmut           12%        N/A       7%          2
 Apportation              Tloc           2%         N/A       24%         1
 Necrotise                Necr           4%         1d4       24%         1
 Summon Small Mammal      Summ           4%         N/A       24%         1
 Spider Form              Tmut/Pois      7%         N/A       30%         3
 Ice Form                 Ice/Tmut       7%         N/A       71%         4


Dungeon Overview and Level Annotations

Branches:
Dungeon (3/15)              Sewer (1/1)

Altars:


Innate Abilities, Weirdness & Mutations

One of your tentacles has grown a beastly spike.
You cannot wear most types of armour.
You are amphibious.
You can wear up to eight rings at the same time.
Your skin changes colour to match your surroundings (Stealth+).
Your rubbery body absorbs attacks. (AC +1, EV +1)
You are camouflaged when in or above water. (Stealth+)
You have tentacles for arms and can constrict up to eight enemies at once.


Message History

Your Transmutations skill increases to level 4!
You feel very sick.
You feel sick.
You feel sick.
You feel sick.
Casting: Beastly Appendage (safe; 3% risk of failure)
Confirm with . or Enter, or press ? or * to list all spells.
You extend your transformation's duration.
You feel sick.
You feel sick. The kobold barely misses you.
The kobold brigand hits you with a +0 dagger.
Okay, then.
You feel sick.
The kobold brigand throws a poisoned dart.
The poisoned dart hits you!
You are lethally poisoned!
You feel sick.
The kobold throws a stone.
The stone hits you.
* * * LOW HITPOINT WARNING * * *
It was a potion of degeneration.
There was something very wrong with that liquid.
You feel weakened.
You feel dopey.
You feel clumsy.
* * * LOW HITPOINT WARNING * * *
You feel sick.
The kobold throws a stone.
The stone barely misses you.
It was a potion of attraction.
You feel attractive to monsters.
* * * LOW HITPOINT WARNING * * *
You feel sick.
The kobold throws a stone.
The stone closely misses you.
The kobold brigand throws a poisoned dart.
The poisoned dart hits you!
You are more poisoned.
It was a potion of curing.
You feel better.
The kobold throws a stone.
The stone barely misses you.
The kobold brigand throws a poisoned dart.
The poisoned dart hits you!
You are lethally poisoned!
* * * LOW HITPOINT WARNING * * *
You feel very sick.
The kobold throws a stone.
The stone hits you.
* * * LOW HITPOINT WARNING * * *
You die...

################
≈≈≈≈≈≈≈≈≈≈≈≈≈≈≈
≈≈≈≈≈≈≈≈≈≈≈≈≈≈≈≈ ###
###≈≈≈≈@≈### ###
#!.#?[##≈#≈#≈#!.#..#
....!#≈#≈#≈##.....
##..K###≈#≈#≈##...##
#...K.#≈#≈#≈##.....#
.... ##≈#≈#≈#.....#
###'###≈#≈#≈####'###
#.....KK≈≈≈≈≈≈)....#
#....~~K≈≈≈≈≈≈~~...##


There were no monsters in sight!

Vanquished Creatures
  2 dart slugs (D:3)
  2 ball pythons (Sewer)
  An endoplasm (D:1)
  3 giant cockroaches
  5 goblins
  2 hobgoblins (D:1)
  2 quokkas
  2 bats (D:1)
  5 frilled lizards
  7 kobolds
  15 rats
46 creatures vanquished.

Notes
Turn   | Place    | Note
-------+----------+-------------------------------------------
     0 | D:1      | Hugehornet the Octopode Transmuter began the quest for the
                  | Orb.
     0 | D:1      | Reached XP level 1. HP: 13/13 MP: 3/3
   213 | D:1      | Reached XP level 2. HP: 17/18 MP: 3/5
   487 | D:1      | Reached skill level 3 in Transmutations
  1357 | D:2      | Reached XP level 3. HP: 18/23 MP: 4/6
  1789 | D:3      | Found a glowing drain.
  1793 | Sewer    | Entered a sewer
  1965 | Sewer    | Noticed a kobold brigand
  1973 | Sewer    | Reached skill level 4 in Transmutations
  1982 | Sewer    | HP: 1/23 [poisoned by a kobold brigand]
  1987 | Sewer    | Succumbed to a kobold brigand's poison

Illustrated notes

Levels and vault maps discovered:
D:1:      mrwooster_arrival_statue_3, layout_loops_ring
D:2:      layout_basic, minmay_tree_intersection
D:3:      layout_loops_cross, gup_sewer_entry_bowl
Sewer:    sewer_minmay_treatment

Skill      XL: |  1  2  3 |
---------------+----------+-----
Transmutations | 3 4 |  4.0
Fighting       | |  1.0
Dodging        | |  2.0
Unarmed Combat | |  3.0
Spellcasting   | |  2.0

Action                   || total
-------------------------++-------
Melee: Unarmed           ||    89
       Constrict         ||    28
       Tentacles         ||    16
       Kick              ||    22
       Punch             ||     1
 Cast: Beastly Appendage ||    29
  Use: Potion            ||     3
 Stab: Sleeping          ||     7
Armor: Skin              ||     3
Dodge: Dodged            ||    46
